 Dungeon Crawl Stone Soup version 0.20-a0-470-gbb038bd (webtiles) character file.

12029 Halberto the Grappler (level 11, -12/94 HPs)
             Began as a Troll Fighter on Jan 13, 2017.
             Was a Priest of Ashenzari.
             Mangled by a red ugly thing (16 damage)
             ... on level 11 of the Dungeon.
             The game lasted 00:29:20 (8519 turns).

Halberto the Grappler (Troll Fighter)               Turns: 8519, Time: 00:29:21

Health: -12/94     AC:  6    Str: 29    XL:     11   Next: 57%
Magic:  0/19       EV: 11    Int:  4    God:    Ashenzari [***...]
Gold:   617        SH: 12    Dex: 12    Spells: 10/10 levels left

rFire  . . .     SeeInvis +       - Unarmed
rCold  . . .     Gourm    +     y - +0 robe (curse)
rNeg   . . .     Faith    .     b - +0 shield
rPois  .         Spirit   +     J - +0 hat {SInv}
rElec  .         Reflect  .     F - +0 cloak (curse)
rCorr  .         Harm     .     (gloves unavailable)
MR     .....                    (boots unavailable)
Stlth  ++........               l - amulet of guardian spirit
                                k - +3 ring of strength (curse)
                                i - ring of magical power (curse)

@: no status effects
A: unfitting armour, claws 3, camouflage 1, fast metabolism 3, gourmand,
regeneration 1, shaggy fur 1, tough skin 2
a: Curse Item, Scrying, Renounce Religion


You were on level 11 of the Dungeon.
You worshipped Ashenzari.
Ashenzari was most pleased with you.
You were completely stuffed.

You visited 1 branch of the dungeon, and saw 11 of its levels.

You collected 805 gold pieces.
You spent 188 gold pieces at shops.

Inventory:

Missiles
 x - 5 tomahawks (quivered)
 E - 2 tomahawks of returning
 K - 4 poisoned tomahawks
Armour
 b - a +0 shield (worn)
 y - a cursed +0 robe (worn)
 F - a cursed +0 cloak (worn)
 J - a +0 hat of see invisible (worn)
Jewellery
 i - a cursed ring of magical power (left claw)
 k - a cursed +3 ring of strength (right claw)
 l - an amulet of guardian spirit (around neck)
 P - a +3 ring of protection
 R - an uncursed ring of stealth
Wands
 q - a wand of lightning (9/15)
 u - a wand of flame (41/48)
 A - a wand of paralysis (12/24)
 H - a wand of paralysis (9/24)
 I - a wand of enslavement (7/24)
Scrolls
 a - 2 scrolls of enchant armour {unknown}
 e - 6 scrolls of magic mapping
 g - 5 scrolls of teleportation {unknown}
 j - 9 scrolls of identify {unknown}
 r - 3 scrolls of blinking {unknown}
 s - a scroll of noise {unknown}
 B - 3 scrolls of enchant weapon {unknown}
 C - a scroll of torment {unknown}
 G - 2 scrolls of remove curse
 L - 3 scrolls of fog
 N - a scroll of amnesia {unknown}
Potions
 c - 2 potions of might
 f - a potion of beneficial mutation {unknown}
 h - 2 potions of ambrosia {unknown}
 n - 4 potions of curing {unknown}
 o - 2 potions of cure mutation
 p - a potion of invisibility {unknown}
 t - 3 potions of brilliance
 z - 4 potions of lignification
 M - a potion of flight {unknown}
Comestibles
 d - 9 bread rations
 v - 6 meat rations
 w - 2 beef jerkies
 D - a slice of pizza
 O - 2 chunks of flesh
 Q - 2 fruits


   Skills:
 - Level 2.4 Fighting
 - Level 2.4(4.0) Dodging
 * Level 10.1 Shields
 * Level 14.1 Unarmed Combat


You had 10 spell levels left.
You didn't know any spells.

Dungeon Overview and Level Annotations

Branches:
Dungeon (11/15)            Temple (0/1) D:6            Lair (0/6) D:11
    Orc: D:9-12

Altars:
Ashenzari
Cheibriados
Elyvilon
Fedhas
Hepliaklqana
Kikubaaqudgha
Makhleb
Qazlal
Vehumet
Xom
Yredelemnul
The Shining One

Shops:
D:10 }(*


Innate Abilities, Weirdness & Mutations

You are too large for most types of armour.
You have claws for hands.
Your metabolism is lightning-fast.
You like to eat raw meat.
Your natural rate of healing is unusually fast.
You are covered in fur. (AC +1)
You have very tough skin. (AC +2)
Your skin changes colour to match your surroundings (Stealth+).


Message History

The cyclops is severely wounded.
The cyclops hits you!!
You are too injured to fight recklessly!
You mangle the cyclops!!
You kill the cyclops!
Your life force feels restored.
You claw the red ugly thing!
The red ugly thing is lightly wounded.
You mangle the red ugly thing!!
The red ugly thing is heavily wounded.
The red ugly thing kicks you!
* * * LOW HITPOINT WARNING * * *
You are engulfed in flames!
* * * LOW HITPOINT WARNING * * *
You barely miss the red ugly thing.
The red ugly thing is heavily wounded.
The red ugly thing kicks you.
* * * LOW HITPOINT WARNING * * *
You are engulfed in flames!
You die...

* * .. , ..., .. ,
.. * #.# *.., * *
,#(####.#####. *
#(#......[. ..# ,
##.....##.# *#.###
* #.#.#(....#.#
#... , #....u.....#
#..# #.@...#.#
#..##
##...##.#####...#
##.###.........###
#................ *
**########.........
, ,............. **
*####......... *
####...##. #...##.


You could see a red ugly thing.

Vanquished Creatures
  Gastronok (D:10)
  2 two-headed ogres
  Sonja (D:10)
  2 unseen horrors
  The ghost of vadstart the Fighter, a novice DsGl (D:6)
  2 cyclopes (D:11)
  Joseph (D:7)
  A troll (D:11)
  A harpy skeleton (D:11)
  2 hippogriffs (D:7)
  A wyvern (D:9)
  Grum (D:11)
  Menkaure (D:7)
  A water moccasin (D:7)
  6 orc warriors
  4 ice beasts
  A hornet zombie (D:8)
  A sky beast (D:7)
  3 phantoms
  An eye of draining (D:10)
  2 wolves (D:11)
  6 ogres
  2 necrophages
  A centaur (D:11)
  A wyvern zombie (D:6)
  Blork the orc (D:6)
  4 bullfrogs
  A scorpion (D:9)
  10 wights
  5 howler monkeys
  5 crimson imps
  A bullfrog zombie (D:7)
  A centaur skeleton (D:7)
  7 orc wizards
  4 orc priests
  Crazy Yiuf (D:7)
  6 hounds
  2 bullfrog skeletons
  Jessica (D:2)
  4 iguanas
  8 worker ants
  A hound zombie (D:6)
  2 worker ant zombies
  4 adders
  3 shadow imps
  An ooze (D:5)
  2 adder skeletons
  4 worms
  A dart slug (D:3)
  5 leopard geckos
  43 orcs
  A ball python (D:2)
  10 bats
  2 bat zombies (D:5)
  3 giant cockroaches
  7 goblins
  3 hobgoblins (D:1)
  10 jackals
  11 kobolds
  2 quokkas
  6 frilled lizards
  A leopard gecko skeleton (D:8)
  A quokka skeleton (D:4)
  6 rats
236 creatures vanquished.

Notes
Turn   | Place    | Note
-------+----------+-------------------------------------------
     0 | D:1      | Halberto the Troll Fighter began the quest for the Orb.
     0 | D:1      | Reached XP level 1. HP: 22/22 MP: 0/0
   133 | D:1      | Reached XP level 2. HP: 29/29 MP: 1/1
   426 | D:1      | Reached skill level 3 in Unarmed Combat
   922 | D:2      | Reached XP level 3. HP: 20/36 MP: 2/2
   944 | D:2      | Noticed Jessica
   950 | D:2      | Killed Jessica
  1118 | D:2      | Found a shimmering altar of Xom.
  1362 | D:3      | Reached XP level 4. HP: 44/44 MP: 3/3
  1562 | D:3      | Reached skill level 4 in Unarmed Combat
  1588 | D:3      | Reached XP level 5. HP: 15/50 MP: 4/4
  1879 | D:3      | Found a shattered altar of Ashenzari.
  1891 | D:3      | Became a worshipper of Ashenzari the Shackled
  2217 | D:4      | Reached skill level 5 in Unarmed Combat
  2290 | D:4      | Reached XP level 6. HP: 47/59 MP: 5/5
  2851 | D:4      | Found a snail-covered altar of Cheibriados.
  3149 | D:5      | Entered Level 5 of the Dungeon
  3156 | D:5      | Found a hazy altar of Hepliaklqana.
  3156 | D:5      | Found a radiant altar of Vehumet.
  3179 | D:5      | Reached skill level 6 in Unarmed Combat
  3322 | D:5      | Found a blossoming altar of Fedhas.
  3357 | D:5      | Reached XP level 7. HP: 59/66 MP: 6/6
  3386 | D:5      | Found an ancient bone altar of Kikubaaqudgha.
  3745 | D:6      | Reached skill level 7 in Unarmed Combat
  3925 | D:6      | Noticed vadstart's ghost (novice DsGl)
  3949 | D:6      | Killed vadstart's ghost
  3949 | D:6      | Reached skill level 5 in Shields
  3949 | D:6      | Reached skill level 8 in Unarmed Combat
  3949 | D:6      | Reached XP level 8. HP: 18/74 MP: 7/7
  4387 | D:6      | Noticed Blork the orc
  4395 | D:6      | Killed Blork the orc
  4503 | D:6      | Found a staircase to the Ecumenical Temple.
  4693 | D:6      | Reached * piety under Ashenzari
  4811 | D:7      | Reached skill level 9 in Unarmed Combat
  4815 | D:7      | Gained mutation: Your skin changes colour to match your surroundings (Stealth+). [mutagenic meat]
  4816 | D:7      | Gained mutation: Your body sometimes deteriorates upon taking damage. [mutagenic meat]
  4817 | D:7      | Gained mutation: You have a pair of small horns on your head. [mutagenic meat]
  4818 | D:7      | Gained mutation: You possess an exceptional clarity of mind. [mutagenic meat]
  4819 | D:7      | Gained mutation: You are surrounded by a mild repulsion field. (EV +2) [mutagenic meat]
  4882 | D:7      | Found a runed door.
  5044 | D:7      | Noticed Joseph
  5060 | D:7      | Killed Joseph
  5060 | D:7      | Reached skill level 10 in Unarmed Combat
  5060 | D:7      | Reached XP level 9. HP: 67/80 MP: 8/8
  5075 | D:7      | Noticed Menkaure
  5082 | D:7      | Killed Menkaure
  5540 | D:7      | Reached skill level 11 in Unarmed Combat
  5809 | D:7      | Noticed Crazy Yiuf
  5812 | D:7      | Killed Crazy Yiuf
  6146 | D:8      | Reached XP level 10. HP: 88/88 MP: 9/9
  6210 | D:8      | Found a basalt altar of Yredelemnul.
  6261 | D:8      | Found a burning altar of Makhleb.
  6285 | D:8      | Reached ** piety under Ashenzari
  6590 | D:9      | Found a glowing golden altar of the Shining One.
  6613 | D:9      | Reached skill level 12 in Unarmed Combat
  6682 | D:9      | Found a stormy altar of Qazlal.
  6685 | D:9      | Found a white marble altar of Elyvilon.
  6688 | D:9      | Found a blossoming altar of Fedhas.
  6825 | D:9      | Noticed a two-headed ogre
  6835 | D:9      | Killed a two-headed ogre
  7047 | D:10     | Entered Level 10 of the Dungeon
  7292 | D:10     | Noticed Sonja
  7311 | D:10     | Lost mutation: Your body sometimes deteriorates upon taking damage. [potion of cure mutation]
  7311 | D:10     | Lost mutation: You have a pair of small horns on your head. [potion of cure mutation]
  7311 | D:10     | Lost mutation: You are surrounded by a mild repulsion field. (EV +2) [potion of cure mutation]
  7311 | D:10     | Lost mutation: You possess an exceptional clarity of mind. [potion of cure mutation]
  7532 | D:10     | Noticed Gastronok
  7548 | D:10     | Killed Gastronok
  7548 | D:10     | Reached skill level 13 in Unarmed Combat
  7693 | D:10     | Reached XP level 11. HP: 94/94 MP: 10/10
  7696 | D:10     | Found Gouj Bue's General Store.
  7708 | D:10     | Bought a meat ration for 65 gold pieces
  7708 | D:10     | Bought a scroll of magic mapping for 45 gold pieces
  7708 | D:10     | Bought 3 scrolls of fog for 78 gold pieces
  7733 | D:10     | Found Zozil's Gadget Emporium.
  7760 | D:10     | Killed Sonja
  7842 | D:10     | Found Ahiugrof's Weapon Shop.
  7938 | D:10     | Noticed an unseen horror
  7952 | D:10     | Killed an unseen horror
  8074 | D:11     | Noticed a two-headed ogre
  8083 | D:11     | Killed a two-headed ogre
  8214 | D:11     | Noticed Grum
  8230 | D:11     | Killed Grum
  8276 | D:11     | Reached *** piety under Ashenzari
  8449 | D:11     | Found a staircase to the Lair.
  8490 | D:11     | Noticed an unseen horror
  8508 | D:11     | Killed an unseen horror
  8508 | D:11     | Reached skill level 10 in Shields
  8508 | D:11     | Reached skill level 14 in Unarmed Combat
  8512 | D:11     | Noticed a red ugly thing
  8519 | D:11     | HP: 4/94 [red ugly thing (3)]
  8519 | D:11     | Mangled by a red ugly thing

Vault maps used:
D:1:      dpeg_arrival_morbid_curiosity, hex_tiny
D:2:      brannock_xom_greatest_gift, uniq_jessica
D:3:      cheibrodos_ashenzari_chains, first_bread
D:4:      kennysheep_mini
D:5:      lemuel_zombie_altar_kikubaaqudgha, amethyst_overflow_temple_binary,
          fedhas_altar_3
D:6:      bh_walls_and_bars, uniq_blork_the_orc
D:7:      uniq_crazy_yiuf_cottage, uniq_menkaure, uniq_joseph
D:8:      nicolae_overflow_crystal_walls, kennysheep_mini_moat
D:9:      lemuel_crystal_altar, grunt_temple_overflow_diamond
D:10:     serial_shops, nicolae_shop_statue_plus, nicolae_shop_statue_plus,
          shop_statue, uniq_gastronok, uniq_sonja
D:11:     lair_entry_dummy, uniq_grum

Skill      XL: |  1  2  3  4  5  6  7  8  9 10 11 |
---------------+----------------------------------+-----
Unarmed Combat | 3 4 5 6 8 10 11 13 14 | 14.1
Shields        | 3 4 5 6 7 9 10 | 10.1
Fighting       | |  2.4
Dodging        | |  2.4

Action                   |  1- 3 |  4- 6 |  7- 9 | 10-12 || total
-------------------------+-------+-------+-------+-------++-------
Melee: Unarmed           |   105 |   193 |   219 |   242 ||   759
       Headbutt          |       |       |    30 |    24 ||    54
Throw: Tomahawk          |       |       |       |     1 ||     1
       Large rock        |       |       |       |     8 ||     8
Invok: Curse Item        |       |     1 |     1 |       ||     2
  Use: Scroll            |       |       |     1 |       ||     1
       Potion            |       |       |       |     7 ||     7
 Stab: Sleeping          |       |       |     2 |     4 ||     6
  Eat: Chunk             |    18 |    18 |    31 |    22 ||    89
Armor: Robe              |    45 |    45 |    28 |    23 ||   141
       Skin              |       |       |       |    19 ||    19
Dodge: Dodged            |    31 |    31 |    58 |    81 ||   201
Block: Shield            |    54 |    61 |    94 |   138 ||   347
